 Dungeon Crawl Stone Soup version 0.31-a0-986-g5e6e4ef867 (webtiles) character file.

Game seed: 16868208915043075735

88 pokeman the Magician (level 4, -1/25 HPs)
             Began as a Deep Elf Hedge Wizard on Nov 18, 2023.
             Killed from afar by Natasha (10 damage)
             ... with a magic dart
             ... on level 2 of the Dungeon.
             The game lasted 00:03:12 (1526 turns).

pokeman the Magician (Deep Elf Hedge Wizard)        Turns: 1526, Time: 00:03:13

Health: -1/25      AC:  3    Str:  7    XL:     4   Next: 30%
Magic:  3/13       EV: 12    Int: 21    God:
Gold:   109        SH:  0    Dex: 14    Spells: 6/14 levels left

rFire   . . .        a - +0 dagger
rCold   . . .        (no shield)
rNeg    . . .        b - +0 robe
rPois   .            c - +0 hat
rElec   .            m - +0 cloak
rCorr   .            (no gloves)
SInv    +            (no boots)
Will    .....        (no amulet)
Stlth   ++           l - ring of see invisible
HPRegen 0.24/turn    (no ring)
MPRegen 0.13/turn

%: no passive effects
@: no status effects
A: no striking features
a: no special abilities


You were on level 2 of the Dungeon.
You visited 1 branch of the dungeon, and saw 2 of its levels.

You collected 109 gold pieces.

Inventory:

Hand Weapons
 a - a +0 dagger (weapon)
Armour
 b - a +0 robe (worn)
 c - a +0 hat (worn)
 m - a +0 cloak (worn)
Jewellery
 l - a ring of see invisible (left hand)
Scrolls
 f - 5 scrolls of identify {unknown}
 i - a scroll of teleportation {unknown}
 j - a scroll of fog {unknown}
 n - a scroll of torment {unknown}
Potions
 d - 2 potions of magic
 e - a potion of attraction {unknown}
 g - a potion of invisibility {unknown}
 h - a potion of heal wounds {unknown}
 k - a potion of might {unknown}


   Skills:
 - Level 1.0 Fighting
 - Level 1.0 Armour
 + Level 2.6 Dodging
 + Level 2.6 Stealth
 * Level 5.6 Spellcasting
 + Level 2.2 Conjurations
 - Level 1.1 Summonings
 - Level 1.1 Translocations


You had 6 spell levels left.
You knew the following spells:

 Your Spells              Type           Power      Damage    Failure   Level
a - Magic Dart            Conj           60%        1d6       4%          1
b - Mephitic Cloud        Conj/Pois/Air  9%         N/A       22%         3
c - Call Imp              Summ           20%        N/A       10%         2
d - Blink                 Tloc           20%        N/A       10%         2

Your spell library contained the following spells:

 Spells                   Type           Power      Damage    Failure   Level
 Slow                     Hex            20%        N/A       11%         1
 Cigotuvi's Dreadful Rot  Necr/Pois/Air  10%        N/A       16%         2
 Ensorcelled Hibernation  Hex/Ice        10%        N/A       16%         2
 Jinxbite                 Hex            10%        N/A       16%         2
 Anguish                  Hex/Necr       2%         N/A       71%         4


Dungeon Overview and Level Annotations

Branches:
Dungeon (2/15)

Altars:

Annotations:
D:2 Natasha


Message History

The magic dart hits the bat.
The bat is severely wounded.
The cerulean imp disappears in a puff of smoke!
The bat hits you but does no damage. The bat closely misses you.
Your cerulean imp barely misses Natasha.
Casting: Magic Dart (safe; 4% risk of failure)
Confirm with . or Enter, or press ? or * to list all spells.
Aiming: Magic Dart (safe; 4% risk of failure)
Press: ? - help, Shift-Dir - straight line, f/p - bat
Aim: a bat (severely wounded, 100% to hit)
The magic dart hits the bat.
You kill the bat!
Your cerulean imp hits Natasha but does no damage.
Unknown command.
Your cerulean imp barely misses Natasha.
Your cerulean imp hits Natasha but does no damage.
Your cerulean imp barely misses Natasha.
Your cerulean imp barely misses Natasha.
Your cerulean imp barely misses Natasha.
Your cerulean imp barely misses Natasha.
Your cerulean imp hits Natasha but does no damage.
Your cerulean imp hits Natasha from afar with a -3 spear.
Your cerulean imp hits Natasha from afar with a -3 spear.
Things that are here:
a +0 mace; a +0 scale mail of willpower; the human corpse of Terence Your cerulean imp hits Natasha but does no damage.
Your cerulean imp hits Natasha but does no damage.
Natasha completely misses you.
Your cerulean imp barely misses Natasha.
You hit Natasha but do no damage.
Natasha is heavily wounded.
Natasha closely misses you.
Your cerulean imp barely misses Natasha.
You barely miss Natasha.
Natasha is heavily wounded.
Natasha seems less confused.
Natasha stares at you and mumbles some strange words.
The magic dart hits you!
You die...
Natasha begins licking her fur clean.

.............##..
##.#....##...#...# #.....##
#...#..####
###...####..##.....
#...##.........8 #
#...##.#..##... #####..
##...##....##..# .......
#..........##..# .......
#....##...###h@######.......
###.............5..)..........
.................######.....?.
#########..#####....# .......
#..# ####.# ....... #..# #
###.##> #..# .# #..# #
#########..#


You could see Natasha (ally target) and a friendly cerulean imp (summoned).

Vanquished Creatures
  Terence (D:2)
  Natasha (D:2)
  An adder (D:2)
  A bat (D:2)
  3 endoplasms
  A giant cockroach (D:1)
  A goblin (D:1)
  3 hobgoblins (D:1)
  6 jackals (D:1)
  3 kobolds
  A quokka (D:2)
  A ball python (D:1)
  3 frilled lizards (D:1)
  2 rats
28 creatures vanquished.

Notes
Turn   | Place    | Note
-------+----------+-------------------------------------------
     0 | D:1      | pokeman the Deep Elf Hedge Wizard began the quest for the
                  | Orb.
     0 | D:1      | Reached XP level 1. HP: 10/10 MP: 7/7
   150 | D:1      | Reached XP level 2. HP: 16/16 MP: 4/9
   567 | D:1      | Reached skill level 5 in Spellcasting
   605 | D:1      | You fall into a shaft and drop 1 floor!
   623 | D:2      | Noticed Terence
  1072 | D:2      | Reached XP level 3. HP: 20/20 MP: 5/11
  1076 | D:2      | Learned a level 3 spell: Mephitic Cloud
  1079 | D:2      | Learned a level 2 spell: Call Imp
  1082 | D:2      | Learned a level 2 spell: Blink
  1137 | D:2      | Noticed Natasha
  1149 | D:2      | Killed Natasha
  1150 | D:2      | Reached skill level 1 in Fighting
  1150 | D:2      | Reached skill level 1 in Armour
  1473 | D:2      | Noticed Natasha
  1501 | D:2      | Killed Terence
  1502 | D:2      | Reached XP level 4. HP: 8/25 MP: 5/13
  1526 | D:2      | Killed from afar by Natasha

Illustrated notes

Levels and vault maps discovered:
D:1:      tarquinn_simple_flora_water_c, layout_rooms
D:2:      layout_loops_ring, serial_shops, nicolae_shop_tiny_statue_garden,
          uniq_terence, uniq_natasha

Skill      XL: |  1  2  3 |
---------------+----------+-----
Spellcasting   | 5 |  5.6
Fighting       | 1 |  1.0
Armour         | 1 |  1.0
Conjurations   | 2 |  2.2
Dodging        | |  2.6
Stealth        | |  2.6
Summonings     | |  1.1
Translocations | |  1.1

Action                     |  1- 3 |  4- 6 || total
---------------------------+-------+-------++-------
  Melee: Dagger            |    29 |     4 ||    33
   Cast: Magic Dart        |    68 |     3 ||    71
         Mephitic Cloud    |     3 |       ||     3
         Call Imp          |     1 |     1 ||     2
   Stab: Confused          |     1 |       ||     1
 Armour: Robe              |    25 |     6 ||    31
  Dodge: Dodged            |    24 |     7 ||    31

Table legend: (Time is in decaauts)
 A = Elapsed time spent in this place.
 B = Non-inter-level travel time spent in this place.
 C = Inter-level travel time spent in this place.
 D = Time resting spent in this place.
 E = Time spent auto-exploring this place.
 F = Levels seen in this place.
 G = Mean time per level.
                   A        B        C        D        E       F      G
               +--------+--------+--------+--------+--------+-----+--------+
         Total |   1524 |   1466 |     58 |     50 |   1145 |   2 |  762.0 |
       Dungeon |   1524 |   1466 |     58 |     50 |   1145 |   2 |  762.0 |
               +--------+--------+--------+--------+--------+-----+--------+

Top non-repeatable levels by time:
     D:1: 867 daAuts
     D:2: 657 daAuts
